[Event "44th Chess Olympiad Open 2022"]
[Site "Chennai"]
[Date "2022.07.31"]
[Round "3.2"]
[White "Shankland, Sam"]
[Black "Gelashvili, Tamaz"]
[Result "1-0"]
[WhiteElo "2720"]
[BlackElo "2549"]
[Annotator "TA"]
[PlyCount "143"]
[EventDate "2022.??.??"]
[TimeControl "60"]

1. e4 c5 2. Nf3 d6 3. d4 cxd4 4. Nxd4 Nf6 5. Nc3 Nc6 6. Bg5 Bd7 7. Nxc6 {[%emt 0:00:37] B60:
Sicilian: Richter-Rauzer: Unusual Black 6th moves and 6...Bd7 without 7 Qd2.}
bxc6 8. Bc4 e6 {[%emt 0:01:39] [#]} 9. Qe2
$146 {[%emt 0:01:51] White has an edge.} ({Predecessor:} 9. O-O Be7 10. Bxf6
gxf6 11. Qh5 Qb6 12. Bb3 Qd4 13. Kh1 Qe5 14. Qh3 h5 15. f4 {½-½ (47) Motylev,
A (2633)-Hansen,E (2606) Chess.com INT 2022}) 9... Be7 10. e5 Nd5 11. Bxe7 Qxe7 12. exd6 Qxd6 13. Ne4 Qe7 14. O-O O-O 15. Rad1 a5 16. c3 a4 17. a3 Rab8 18. Qc2 c5 19. Be2 f5 20. Nd2 Nf4 $1 21. Rfe1 Bc6 (21... Qg5 $5 22. Bf3 Bb5 $15) 22. Bf3 Qb7 23. Re3 (23. Bxc6 $15 Qxc6 24. Nf3) 23... Rfd8 (23... Bxf3 $17 24. Nxf3 Qxb2 25. Qxb2 Rxb2) 24. h4 Bxf3 ({Black should play} 24... Qxb2 $17 25. Qxb2 Rxb2 26. Bxc6
Rdxd2 27. Rxd2 Rxd2 28. Bxa4 Kf7) 25. Nxf3 $14 Rxd1+ 26. Qxd1 Qc6 (26... Qxb2 $2 27. Qd6
$18) 27. c4 (27. g3 $5 Nd5 28. Rd3 $14) 27...
h6 (27... Rxb2 $2 28. Qd8+ Kf7 29. Ne5#) 28. g3 Ng6 29. Qe2 Nf8 30. Ne5 Qd6 31. h5 Rb6 32. Rd3 Qc7 (32... Qb8 $5 33. Rd2 Rd6 34. Rxd6 Qxd6 $11) 33. f4 Qb8 34.
Rd2 Rb3 35. Kh2 Qe8 36. Qd1 {[%emt 0:01:36] Threatens to win with Rd8.} Rb8 {
[%emt 0:00:03] Inhibits Rd8.} 37. Kh3 Nh7 38. Nd7 Rc8 39. Kg2 Kh8 40. Rd6 Rd8 (40... Qe7 $11 {remains equal.}) 41. Ne5 (41. Nxc5 Rxd6
42. Qxd6 Nf6 $11) (41. Kf1 $16) 41... Rxd6 42. Qxd6 $11 {
[%emt 0:00:00] Endgame KQN-KQN} Kg8 $2 (42... Nf6 $11 {
and Black is okay.}) 43. Qd7 $1 $18 ({Stronger than} 43. Qxc5
Qxh5 44. Nf3 Qe8 $11) 43... Qa8+ 44. Kg1 Nf8 45. Qf7+ (45. Qe7 Qe4 $11) 45... Kh8 46. Kf2 $2 (46. Ng6+ $18 Nxg6 47. hxg6) 46...
Qb8 $11 47. Ke1 {[%emt 0:00:00] aiming for Kd1.} Qa8 $2 {
[%emt 0:00:22] Black is now going downhill.} (47... Kh7 $1 $11) 48. Kd2 $1 $18
{[%emt 0:00:00][%cal Yf7f8] Hoping for Qxf8+! Active counter play!} Kh7 (48... Qg2+ $2 49. Kc3 Qa8 50. Qe7) 49. Nd3 Qd8 50. Kc2 Qd6 51. Ne5 {
[%emt 0:00:00] Prevents Nd7.} Qb8 52. Kc1 $1 {[%emt 0:00:00]
Ng6 is the strong threat.} Qa8 {[%emt 0:00:17][%cal Ya8e4] [#]} 53. Nd3 $1 ({Inferior is} 53. Kb1 Qe4+ 54. Ka1 Qe1+ 55. Ka2 Qe3 $11) 53...
Qd8 54. Nxc5 Qd6 55. Nxa4 Nd7 56. Qg6+ Kh8 57. Qe8+ Kh7 58. Qd8 Qd3 (58... Qd4 $18 59. Nc3 Qg1+ 60. Kc2 (60. Nd1 Nc5 $16)
60... Qf2+ 61. Kb3 Qd4) 59. Nc3 $16 Qf1+ 60.
Kc2 Qf2+ 61. Kb3 Nc5+ {
[%emt 0:00:13] [#]} (61... Qd4 {might work better.} 62. Qc8 Nc5+ 63. Kb4 Nd3+
64. Kb5 Nxb2) 62. Ka2 $1 $18 Qxg3 63. Qd4 Nd3 64. a4 Nxf4 65. a5 Nd3 66.
Ka3 Ne5 $2 (66... Ne1 67. Kb3 Nf3) 67. a6 Nc6 68. Qc5 Qc7 69. b4 f4 70. b5 Qa5+ 71. Kb3 Nd8 72. Qa3 {[%emt 0:01:31] Weighted Error Value: White=0.23 (precise) /
Black=0.27 (precise)} 1-0

[Event "44th Chess Olympiad Open 2022"]
[Site "Chennai"]
[Date "2022.07.31"]
[Round "3.2"]
[White "Jobava, Baadur"]
[Black "Caruana, Fabiano"]
[Result "1/2-1/2"]
[WhiteElo "2585"]
[BlackElo "2783"]
[Annotator "TA"]
[PlyCount "72"]
[EventDate "2022.??.??"]
[TimeControl "60"]

1. Nf3 Nf6 2. g3 c5 3. Bg2 Nc6 4. O-O e5 5. c3 d5 6. d4 {[%emt 0:00:59] A04: Unusual lines after 1
Nf3 and King's Indian Attack.} e4 7. Ne1 {[%emt 0:00:00] [#]}
h5 $146 ({Predecessor:} 7... Bf5 8. Bg5 cxd4 9. cxd4 Qb6 10.
Bxf6 gxf6 11. Nc3 Be6 12. Nc2 Qxb2 13. Qd2 Bb4 {0-1 (46) Poetsch,L (1756)
-Lohrmann,T (1605) Magdeburg 2015}) 8. h4 {[%emt 0:03:36] Black is slightly
better.} Be7 9. Nc2 Be6 10.
Nba3 a6 11. dxc5 Bxc5 12. Bg5 O-O 13. Qd2 Qc7 {[%emt 0:02:48] ...Qxg3 is the strong threat.} 14. Nd4 (14. Bxf6 {looks sharper.} gxf6 15. Nd4 Bxa3 16. bxa3 Kg7 17. Nxc6 Qxc6
18. Rab1) 14... Nxd4 (14... Ng4 {with more complications.} 15.
Bf4 Qe7 16. Nac2 Rfe8) 15. cxd4 {[%emt 0:00:05] [#] aiming for Rac1.} Be7 16. Rfc1 Qb6 17. Nb1 Rfc8 18. Nc3 Qd8 (18... Rc4 $5 ) 19. e3 Ng4 {[%emt 0:01:54]
The position is equal.} 20. Bxe7 Qxe7 21. Ne2 g5 {[%emt 0:09:02] Inhibits Nf4.} ({Don't do} 21... Qf6 22.
Nf4 $16) 22. hxg5 Qxg5 23. Rxc8+ Rxc8 24. Rc1 Rxc1+ 25.
Qxc1 ({But not} 25. Nxc1 Qf6 $15) 25... h4 26. Qc7 Qf6 27. Qf4 Qxf4 28. gxf4 $11 {[%emt 0:00:05] Endgame KBN-KBN} Kg7 29. Nc3 Nf6 30. b4 Kf8 31. Bf1 Ke7 32. a4 Kd6 33. a5 Bd7 34.
Kg2 Ng4 35. Kg1 Nf6 36. Kg2 Ng4 {[%emt 0:00:05] Weighted
Error Value: White=0.03 (flawless) /Black=0.05 (flawless)} 1/2-1/2

[Event "44th Chess Olympiad Open 2022"]
[Site "Chennai"]
[Date "2022.07.31"]
[Round "3.2"]
[White "Pantsulaia, Levan"]
[Black "Dominguez Perez, Leinier"]
[Result "1/2-1/2"]
[WhiteElo "2581"]
[BlackElo "2754"]
[Annotator "TA"]
[PlyCount "40"]
[EventDate "2022.??.??"]
[TimeControl "60"]

1. Nf3 c5 2. c4 Nf6 3. g3 Nc6 4. Bg2 d5 5. cxd5 Nxd5 6. Nc3 Nc7 7. O-O e5 8. b3 Be7 9. Bb2 O-O 10. Rc1 f6 11. Ne1 {[%emt 0:13:17] The position is
equal.} Qd7 {[%emt 0:01:04] A34: Symmetrical English: 2 Nc3, lines with ...d5.}
12. Nd3 b6 13. b4 {[%emt 0:10:55] [#]} Nxb4
$146 ({Much less strong is} 13... cxb4 14. Qb3+ Kh8 15. Nd5
Nxd5 16. Qxd5 $16) ({Predecessor:} 13... Rb8 14. bxc5 bxc5 15. Na4 Ne6 16. Ba3
Rd8 17. Bxc5 Ned4 18. Bxe7 Nxe7 19. Ndc5 Qb5 {1-0 (51) Maslak,S (2236)
-Goldblat,M (2237) Germany 2001}) 14. Nxb4 cxb4 15. Nb5 Qxb5 (15... Nd5 $2 16. Qb3 e4
17. Bxe4 $18) 16. Rxc7 Bd6 17. Rc6 Be7 18. Rc7 {[%emt 0:00:31] Against Bb7} Bd6 19. Rc6 Be7 20. Rc7 {[%emt 0:00:07]
[%csl Ya8,Ye7] Inhibits Bb7.} Bd6 {[%emt 0:00:06] An even fight not without
its subleties. Weighted Error Value: White=0.02 (flawless) /Black=0.00 
(flawless)} 1/2-1/2

[Event "44th Chess Olympiad Open 2022"]
[Site "Chennai"]
[Date "2022.07.31"]
[Round "3.3"]
[White "Tari, Aryan"]
[Black "Moroni, Luca Jr"]
[Result "1/2-1/2"]
[WhiteElo "2672"]
[BlackElo "2584"]
[Annotator "TA"]
[PlyCount "80"]
[EventDate "2022.??.??"]
[TimeControl "60"]

1. d4 d5 2. Nf3 e6 3. c4 a6 4. Bg5 Be7 5. Bxe7 Qxe7 6. Nbd2 {[%emt 0:01:19] D30: Queen's
Gambit Declined: Systems without Nc3.} Nf6 7. g3 O-O 8. Bg2 {[%emt 0:00:12] White has an edge.} b6 9. O-O Nbd7 10. Rc1 c5 11. cxd5 exd5 12.
Re1 Bb7 13. dxc5 bxc5 14. Qb3 (14. e4 $5) 14... Rfb8 {[%emt 0:
00:00] [#]} 15. Qa3 $146 ({Predecessor:} 15. Qc2 a5 16. Nh4
Qe6 17. a3 Qb6 18. e4 Nxe4 19. Nxe4 dxe4 20. Bxe4 Bxe4 21. Rxe4 {½-½ (27)
Sunilduth Lyna,N (2662)-Moroni,L (2581) Sharjah 2022}) 15... a5 16. b3 (16. e4 {feels hotter.} Nxe4 17. Nd4 Qe5 18. Nxe4
dxe4 19. Nb3) 16... h6 17. e3 Qe6 18. Qb2 a4 19. Qc2 axb3 20. axb3 Qb6 21. Ra1 Rxa1 22. Rxa1 Ra8 {[%emt 0:
00:00] The position is equal.} 23. Rxa8+ Bxa8 24. h4 Bb7 25. Qc3 Ne4 26. Nxe4 dxe4 27. Nd2 Nf6 28. Bf1 Qb4 29. Qc2 Bd5 30. Bc4 Bxc4 31. Nxc4 $11 {[%emt 0:05:09] Endgame KQN-KQN} Qb7 32. Qd1 h5 33. Kg2 Kh7 34. Qd6 Qxb3 35.
Qxc5 g6 36. Qd4 Qa2 37. Qxf6 Qxc4 38. Qe5 f5 39. Qf6 Qc7 40. Qf8 Qd7 {[%emt 0:02:15] Not much happened in this
game. Weighted Error Value: White=0.03 (flawless) /Black=0.03 (flawless)}
1/2-1/2

[Event "44th Chess Olympiad Open 2022"]
[Site "Chennai"]
[Date "2022.07.31"]
[Round "3.3"]
[White "Vocaturo, Daniele"]
[Black "Carlsen, Magnus"]
[Result "1/2-1/2"]
[WhiteElo "2616"]
[BlackElo "2864"]
[Annotator "TA"]
[PlyCount "111"]
[EventDate "2022.??.??"]
[TimeControl "60"]

1. e4 c6 2. d4 d5 3. exd5 cxd5 4.
Bd3 Nc6 5. c3 e6 6. Bf4 {[%emt 0:04:09] B13: Caro-Kann: Exchange Variation and
Panov-Botvinnik Attack.} Bd6 {[%emt 0:07:56] 6...Nge7 might become the main
line.} 7. Bxd6 Qxd6 8. Nf3 {[%emt 0:00:09]
White has an edge.} Nge7 9. O-O Bd7 {[%emt 0:
00:00] [#]} 10. Re1 $146 ({Predecessor:} 10. Nbd2 Ng6 11. Re1
Nf4 12. Bf1 g6 13. g3 Nh5 14. c4 O-O 15. a3 a5 16. b3 {1-0 (65) Salkic,M (1999)
-Sisic,E (1968) Tuzla 2015}) 10... O-O 11. Ne5 (11. Qc2 $5 ) 11... Nxe5 12. dxe5 Qb6 13. Qb3 Qxb3 14.
axb3 Rfd8 15. Na3 f6 16. Nc2 Nc6 17. exf6 gxf6 18. Bb5 Kf7 19. Bxc6 Bxc6 20. f4 a5 21. Re3 h5 22. Rae1 Bd7 23. Nd4 Ra6 24. Kf2 b5 25. g3 Re8 26. h3 Rh8 27. Kg2 b4 28. Ra1 Re8 29. Rae1 a4 30.
bxa4 Rxa4 31. R1e2 Ra2 32. cxb4 Ra4 33.
Nc2 Raa8 34. Kf2 Reb8 35. Ra3 Ke7 36. Rd2 Kd6 37. Ne3 Bc6 38. Nc4+ Ke7 39. Na5 Bd7 40. Nb3 Kd6 41. Nc5 Bc6 42. Re3 e5 43. Ne4+ ({But not} 43. fxe5+ fxe5 44. Ne4+ Kc7 $15)
43... Ke7 {[%emt 0:00:49] [#] White must now prevent ...exf4.} 44. Nc5 e4 45. Rd4 f5 46. Ra3 Rg8 47. Rxa8 Bxa8
$11 {[%emt 0:02:01] Endgame KRB-KRN} 48. Na4 Kd6 49. Nc3 $1 Bc6 50. Nd1 Bd7 {[%emt 0:00:00] The position is equal.} 51. Ne3 Be6 52. Rd2 Rb8 53.
Nc2 Bd7 54. Ne3 Be6 55. Nc2 Bd7 56. Ne3 {[%emt 0:
00:50] Weighted Error Value: White=0.02 (flawless) /Black=0.01 (flawless)}
1/2-1/2

[Event "44th Chess Olympiad Open 2022"]
[Site "Chennai"]
[Date "2022.07.31"]
[Round "3.3"]
[White "Christiansen, Johan-Sebastian"]
[Black "Sonis, Francesco"]
[Result "0-1"]
[WhiteElo "2593"]
[BlackElo "2543"]
[Annotator "RC"]
[PlyCount "118"]
[EventDate "2022.??.??"]
[TimeControl "60"]

1. e4 e5 2. Nf3 Nc6 3. Bc4 Bc5 4. c3 Nf6 5. d4 exd4 6. e5 d5 7. Bb5 Ne4 8. cxd4 Bb6 9. Nc3 O-O 10. Be3 f5 11. exf6 Nxc3 12. bxc3 Qxf6 13. O-O Bg4 14. Be2 Rae8 15. Re1 Qd6 16. Qd2 Qg6 17. Kh1 Qh5 18.
Ng1 Na5 19. Bf1 Qf7 20. f3 Bd7 21. Bf2 a6 22. Rab1 Rxe1 23.
Bxe1 Qg6 24. Rb4 Qe8 25. Bg3 Bb5 26. Bxb5 axb5 27. Qg5 Qd7 28. Be5 Nc6 29. Rb2 Rf5 30. Qg3 Nxe5 31. dxe5 d4 32. Rd2 Qc6 33. cxd4 Qc1 34. Rd3 Rg5 35. Qh4 Rxe5 36. Qd8+ Kf7 37. Qd7+ Kf8 38. Qc8+ Re8 39. Qf5+ Kg8 40. Qd5+ Kh8 41. Qf7 Ra8 42. h4 Qc4 43. Qf5 Bxd4 44. Nh3 Bf6 45. h5 Qxa2 46. Rd1 Qe2 47. Rb1 Qe5 48. Qg4 c6 49. f4 Qe7 50. h6 gxh6 51. Rd1 Rg8 52. Qf5 Qg7 53.
g4 Qg6 54. Qe6 Re8 55. Qd6 Rd8 56. Qxd8+ Bxd8 57. Rxd8+ Kg7 58. Nf2 Qc2 59. Rd7+ Kf8 0-1

[Event "44th Chess Olympiad Open 2022"]
[Site "Chennai"]
[Date "2022.07.31"]
[Round "3.3"]
[White "Lodici, Lorenzo"]
[Black "Hammer, Jon Ludvig"]
[Result "1-0"]
[WhiteElo "2553"]
[BlackElo "2638"]
[Annotator "RC"]
[PlyCount "81"]
[EventDate "2022.??.??"]
[TimeControl "60"]

1. d4 Nf6 2. c4 e6 3. Nc3 Bb4 4. a3 Bxc3+ 5. bxc3 c5 6. f3 Nc6 7. e4 d6 8. d5 Ne5 9. f4 Ng6 10. dxe6 fxe6 11. Bd3 O-O 12. Ne2 b6 13. O-O Qe8 14. Ng3 Bb7 15. Ra2 Rd8 16. Re2 Rd7 17. Ref2 Rdf7 18. Qe2 Qa4 19. h4 e5 20. Bc2 Qa5 21. f5 Nf4 22. Qf3 Qa6 23. Bb3 Bc6 24. Re1 Kh8 25. a4 Qb7 26. Bxf4 exf4 27. Qxf4 Re8 28. Qxd6 Ng4 29. Rff1 Ne5 30. Qd2 Rd7 31. Qe2 Rd3 32. Nh5 Qf7 33. f6 g6 34. Ng7 Red8 35. Rd1 Rxd1 36. Bxd1 Qd7 37. h5 Kg8 38. Qe3 Qxd1 39. hxg6 Qxf1+ 40. Kxf1 Rd1+ 41. Ke2 1-0

[Event "44th Chess Olympiad Open 2022"]
[Site "Chennai"]
[Date "2022.07.31"]
[Round "3.4"]
[White "Shirov, Alexei"]
[Black "Supi, Luis Paulo"]
[Result "1/2-1/2"]
[WhiteElo "2704"]
[BlackElo "2603"]
[Annotator "TA"]
[PlyCount "82"]
[EventDate "2022.??.??"]
[TimeControl "60"]

1. e4 c5 2. Nc3 d6 3. Bb5+ Nd7 4. d4 cxd4 5. Qxd4 a6 6. Bxd7+ {[%emt 0:09:29] B23: Closed
Sicilian: Lines without g3.} Bxd7 7. f4 {[%emt 0:02:40] [#]}
Bc6 $146 ({Predecessor:} 7... e6 8. Nf3 Qc7 9. Be3 Bc6 10.
O-O-O Nf6 11. e5 dxe5 12. Nxe5 Be7 13. Qb6 Qxb6 14. Bxb6 {1-0 (44) Jones,G 
(2671)-Nechaeva,M (2372) Chess.com INT 2022}) 8. Bd2 Nf6 9. O-O-O g6 10. Nf3 (10. g4 $11) 10... Bg7 11. Rhe1 O-O 12. Qf2 Qa5 (
12... Qc7 $15 {might be stronger.}) 13. Kb1 Rfe8 14. h3 Rac8 15. g4 Qc7 {[%emt 0:20:56][%cal Yf6e4] Hoping for ...Nxe4!} 16. Bc1 b5 (16... Nd7 $11) 17. e5 $14 Bxf3 18. Qxf3 dxe5 19. fxe5 Nd7 20. e6 fxe6 21. Rxe6 {[%emt 0:00:00] [#] And now Qd5 would
win.} Nf8 22. Bf4 {[%emt 0:00:00] 0x0.0005eb958753dp-1022s
more active pieces. The black rooks are badly placed.} Qc4 23.
Re4 ({Better is} 23. Rxa6 $14 e5 24. Bc1) 23... Qc6 $11 {
[%emt 0:02:21] aiming for ...b4.} 24. Re3 Qxf3 25. Rxf3 Ne6 26. Bc1 Nd4 27. Rf2 Rf8 28. Rfd2 Nf3 29. Rd7 Bxc3 30. bxc3 Rfe8 31. Ba3 Ne5 32. Rxe7 Rxe7 33. Bxe7 Rxc3 {[%emt 0:00:00] Endgame
KRB-KRN} 34. Bf6 Re3 35. Rd8+ Kf7 36. Bxe5 {[%emt 0:00:00] The position is equal.} Rxe5 {
[%emt 0:00:10] KR-KR} 37. Rd7+ Re7 38. Rd6 Re6 39. Rd7+ Re7 40. Rd6 Re6 41. Rd7+ Re7 {[%emt 0:30:07] Weighted Error Value: White=0.09 (flawless) /Black=0.06 
(flawless)} 1/2-1/2

[Event "44th Chess Olympiad Open 2022"]
[Site "Chennai"]
[Date "2022.07.31"]
[Round "3.4"]
[White "Santos Latasa, Jaime"]
[Black "Mekhitarian, Krikor Sevag"]
[Result "1-0"]
[WhiteElo "2675"]
[BlackElo "2542"]
[Annotator "TA"]
[PlyCount "107"]
[EventDate "2022.??.??"]
[TimeControl "60"]

1. d4 Nf6 2. c4 e6 3. g3 d5 4. Bg2 Be7 5. Nf3 O-O 6. O-O dxc4 7.
Qc2 b5 8. a4 {[%emt 0:00:06] E05: Open
Catalan: 5 Nf3 Be7.} Bb7 9. axb5 a6 10. bxa6 {[%emt 0:01:20] White is slightly better.} Nxa6 11. Qxc4 Bd5 12. Qc3 c5 13. Be3 Ne4 14. Qc1 cxd4 15. Bxd4 Nb4 16. Rxa8 Qxa8 17. Nc3 Nxc3 18. bxc3 Nc6 19. Qe3 (19. Qb2 $5 ) 19... Nxd4 20. cxd4 Rd8 21. Qf4 $1 {[%emt 0:00:
00][%cal Yf3e5] [#]} Bf6 $146 ({Predecessor:} 21... h6 22. e3
Bd6 23. Qh4 Bb4 24. Qg4 Bxf3 25. Bxf3 Qa5 26. Rb1 Bd6 27. h4 Rb8 28. Rxb8+ Bxb8
{1-0 (58) So,W (2776)-Nepomniachtchi,I (2773) Bucharest 2022}) 22. e3 Bxf3 23. Bxf3 Qb8 24. Qe4 Qc7 25. h4 g6 26. h5 Kg7 27. Kg2 Rb8 28. Rh1 Rb2 29. h6+ Kf8 30. Ra1 Rb8 31. Ra6 Rd8 {[%emt 0:05:15] Prevents d5.} 32. Rc6 Qe7 33. Qf4 Bg5 34. Qe5 Bf6 {[%emt 0:00:00] [#] Against Qh8+} 35. Qa5 Bg5 36. Rc7 $36 {[%emt 0:00:56] White is
really pushing.} Qf6 37. d5 {[%emt 0:03:24] 0x0.
001b82fd574cdp-1022s more active pieces.} Bxh6 38. dxe6 Qxe6 {[%emt 0:00:18] [#]} 39. Rxf7+ $3 Qxf7 40. Qxd8+ $16 {[%emt 0:00:11] Endgame KQB-KQB} Kg7 41. Bd5 Qf8 42. Qc7+ Kh8 43. Qe5+ (43. f4 $142) 43... Bg7 44. Qe6 Bf6 45. e4 Kg7 46. e5 Bd8 47. f4 Kh6 48. Qh3+ Kg7 49. Qd7+ Kh6 50.
Be4 Bb6 51. Kh3 Qd8 52. Qf7 {[%emt 0:00:00] White threatens g4 and mate.} Qd1 {
[%emt 0:01:40] [#]} (52... Qc7 $16 53. Qf8+ (53. Qf6 Qd8 $18) 53... Qg7) 53.
Qf8+ $1 Kh5 {[%emt 0:00:04] [#]} 54. Bxg6+ $1 {[%emt 0:00:00]
Weighted Error Value: White=0.06 (flawless) /Black=0.18 (very precise)} 1-0

[Event "44th Chess Olympiad Open 2022"]
[Site "Chennai"]
[Date "2022.07.31"]
[Round "3.4"]
[White "Fier, Alexandr"]
[Black "Vallejo Pons, Francisco"]
[Result "1/2-1/2"]
[WhiteElo "2567"]
[BlackElo "2702"]
[Annotator "TA"]
[PlyCount "86"]
[EventDate "2022.??.??"]
[TimeControl "60"]

1. e4 c6 2. d4 d5 3. e5 c5 4. Nf3 cxd4 5. Qxd4 Nc6 6. Qf4 {[%emt 0:00:05] B12: Caro-Kann: Advance
Variation.} e6 7. Nc3 Nb4 8.
Bd3 Nxd3+ 9. cxd3 Ne7 10. h4 h6 11. h5 Bd7 12. Bd2 {[%emt 0:00:00][%cal
Yc1d2,Yd2c3,Yc3d4] [#]} Rc8 $146 ({Predecessor:} 12... Nc6 13.
Nb5 a6 14. Nd6+ Bxd6 15. exd6 Qf6 16. d4 Qxf4 17. Bxf4 f6 18. Kd2 Kf7 19. Rac1
Rhc8 20. Rc3 {½-½ (20) Parvanyan,A (2453) -Khenkin,I (2540) Kiel 2021}) 13.
O-O Nf5 14. a4 Be7 15. Ne2 O-O 16. Bc3 Bc5 17. Ng3 Nxg3 18. Qxg3 b5 ({Black should try} 18... a5 $15) 19. axb5 (19. Bd2 $5 Kh8 20. b4 $11) 19... Bxb5 20. Nd4 Bxd4 21. Bxd4 a6 22. f4 Qe7 23. Rac1 Rfe8 24. Kh2 Bd7 25. Qg4 Rxc1 26. Rxc1 Rc8 {[%emt 0:00:11] Against Bc5} 27. Rf1 Ba4 28. Bc3 {[%emt 0:01:57] Black must now prevent f5.} Qd7 29. f5 exf5 30. Qxf5 (30. Qxg7+ {with more complications.} Kxg7 31. e6+ f6 32. exd7
Bxd7 33. Rf3) 30... Qxf5 31. Rxf5 $11 {[%emt 0:00:03] Endgame
KRB-KRB} Bd1 32. Kh3 (32. Rf4 $11 {should be
considered.}) 32... Bc2 (32... d4 $5 33. Bxd4 Rd8 $15) 33. Rf3 Bd1 34. Rf5 d4 $1 35. Bxd4 Rd8 $1 36. Bc3 Rxd3+ 37. g3 Re3 38. Kh4 Re2 $1 39. Kh3 {
[%emt 0:00:05] [#] Inhibits Rh2+.} Re3 (39... Re4 $1 $17 {
Strongly threatening ...Bg4+.} 40. Rf4 Rxf4 41. gxf4 Bxh5) 40. Kh4 {[%emt 0:00:
04] Against Bg4} Re2 (40... Bb3 $11) 41. Kh3 $1 $17 {[%emt 0:
30:04] [#]} Bb3 ({Better is} 41... Re4 $1 $17 {...Bg4+ is the
strong threat.} 42. Rf4 Rxf4 43. gxf4 Bxh5) 42. Rf4 $11 Kh7 43. g4 a5 {[%emt 0:00:00] Weighted Error
Value: White=0.07 (flawless) /Black=0.13 (very precise)} 1/2-1/2

[Event "44th Chess Olympiad Open 2022"]
[Site "Chennai"]
[Date "2022.07.31"]
[Round "3.4"]
[White "Diamant, Andre"]
[Black "Iturrizaga Bonelli, Eduardo"]
[Result "0-1"]
[WhiteElo "2538"]
[BlackElo "2619"]
[Annotator "RC"]
[PlyCount "110"]
[EventDate "2022.??.??"]
[TimeControl "60"]

1. e4 c6 2. d4 d5 3. exd5 cxd5 4. Bd3 Nc6 5. c3 Qc7 6. h3 e6 7. Nf3 Bd6 8. O-O Nge7 9. Re1 Bd7 10. Nbd2 Ng6 11. c4 O-O 12. a3 dxc4 13.
Nxc4 Be7 14. g3 Bf6 15. Bg5 Bxd4 16. Nxd4 Nxd4 17. Bxg6 Qxc4 18. Be4 Ba4 19. Qh5 g6 20. Qh6 f5 21. Rac1 Bc2 22. Rxc2 Nxc2 23. Bxc2 Qxc2 24. Rxe6 Qb1+ 25. Kg2 Qxb2 26.
Re7 Rf7 27. Rxf7 Kxf7 28. Qxh7+ Qg7 29. Qh4 b5 30. a4 a6 31. axb5 axb5 32. Qf4 Kg8 33. Qf3 Rb8 34. Bf4 Rb6 35. Be3 Re6 36.
Qa8+ Kh7 37. Qd8 Qe7 38. Qb8 Qd7 39. Qf8 Qg7 40. Qb4 Qb7+ 41.
Kh2 Re4 42. Qf8 Qg7 43. Qd8 Qe7 44. Qd5 b4 45. Bc5 Qc7 46.
Be3 Qe5 47. Qf7+ Qg7 48. Qd5 Qe7 49. Bc5 Qc7 50. Be3 Rc4 51.
Qe6 b3 52. Bg5 Rc2 53. Qxb3 Rxf2+ 54. Kg1 Rc2 55. Bf4 Qa7+ 0-1

[Event "44th Chess Olympiad Open 2022"]
[Site "Chennai"]
[Date "2022.07.31"]
[Round "3.5"]
[White "Wojtaszek, Radoslaw"]
[Black "Kuybokarov, Temur"]
[Result "0-1"]
[WhiteElo "2708"]
[BlackElo "2583"]
[Annotator "TA"]
[PlyCount "118"]
[EventDate "2022.??.??"]
[TimeControl "60"]

1. d4 Nf6 2. c4 g6 3. Nf3 Bg7 4. g3 O-O 5. Bg2 Nc6 6. O-O d5 7. Na3 {[%emt 0:05:27] D77: Fianchetto Grünfeld: 6 0-0: Replies other than
6...c6.} Be6 $5 {[%emt 0:00:17] An interesting side line.} 8. b3 Ne4 9. Bb2 {[%emt 0:00:40] White is slightly better.} a5 10. e3 {[%emt 0:05:35] [#]} a4 $146 ({
Predecessor:} 10... Nb4 11. Nd2 Nd6 12. cxd5 Bxd5 13. e4 Bc6 14. Qe2 b6 15.
Rfd1 e6 16. Ndc4 Bb7 {½-½ (16) Bernal,E (2325)-Kirov,N (2455) Thessaloniki
1984}) 11. Nd2 f5 12. Qe2 Nb4 13. cxd5 (13. Rfd1 {feels hotter.} c6 14.
f3 Nxd2 15. Qxd2 Na6 16. Bc3) 13... Nxd2 14. Qxd2 Nxd5 15. Rac1 axb3 16.
axb3 c6 17. Nc4 Qc7 18. Ra1 Rfd8 19. Rfc1 Nf6 20. Qb4 Nd5 21. Qe1 Nb6 22. Ba3 Bf6 23. Nxb6 Qxb6 24. Bb4 {
[%emt 0:00:41] Threatens to win with Ba5.} (24. Bc5 $5 Qc7 25.
Qb4 $14) 24... Rxa1 25. Rxa1 {[%emt 0:00:00] Black must now
prevent Ba5.} Rb8 26. Ra3 Qd8 27. Qa1 h5 28. h4 Bd5 29. Bxd5+ Qxd5 30. Ra8 Rxa8 31. Qxa8+ $11 {[%emt 0:00:00] Endgame
KQB-KQB} Kf7 32. Qxb7 Qxb3 33. Qb6 $1 Qb1+ 34. Kg2 Qe4+ 35. Kf1 f4 36. exf4 Bxd4 37. Qa5 (37. Bc5 $11
Qd3+ 38. Kg2 Bxc5 39. Qxc5) 37... Qh1+ (37... Qd3+ $1 $19 {
has better winning chances.} 38. Kg2 Qe2) 38. Ke2 $17 Qb1 {
[%emt 0:00:09] Inhibits Qa2+.} 39. Bd2 Qc2 $1 {[%emt 0:01:21]
Black is more active.} 40. Qb4 (40. Qg5 $17) 40... c5 $19 41. Qb7 {[%emt 0:30:43] [#]} Qc4+ 42. Ke1 {
[%emt 0:00:00][%cal Yf4f5] [#]} Qd3 {[%emt 0:05:50][%cal Yd4f2] And now ...
Bxf2+! would win.} 43. Qd5+ (43. f3 {was worth a try.} Bf2+
44. Kxf2 Qxd2+ 45. Kg1) 43... Kg7 {[%emt 0:03:16][%cal Yd4f2] Strongly
threatening ...Bxf2+!} 44. Qe6 {[%emt 0:00:00] [#]} Bxf2+ $1 45. Kxf2 Qxd2+ {[%emt 0:00:05] KQ-KQ} 46. Kf3 Qd6 47. Qc4 Kf6 48. Qc3+ (48. Qg8 $142 Qd3+ 49. Kg2) 48... Ke6 49. Qe1+ Kf7 50. Qe4 {[%emt 0:00:00] Prevents Qd5.}
Qe6 {[%emt 0:00:29] ( -> ...Qxe4+)} 51. Qd3 Qc6+ (51... c4 $142 52. Qc3 Qc6+ 53. Ke2 Qe4+ 54. Kf2 Ke6) 52. Kf2 c4 53. Qc3 Qe4 54. Qd2 Ke6 {[%emt 0:01:19] Hoping for ...Kf5.} 55. Qd8 Qd3 56. Qc8+ Kf7 57.
Qa6 Qd4+ {[%emt 0:00:58] Black is clearly winning.} 58. Kf3 Qd5+ 59. Kf2 c3 {[%emt 0:00:
14] Weighted Error Value: White=0.88/ Black=0.24 (precise)} 0-1

[Event "44th Chess Olympiad Open 2022"]
[Site "Chennai"]
[Date "2022.07.31"]
[Round "3.5"]
[White "Smirnov, Anton"]
[Black "Duda, Jan-Krzysztof"]
[Result "0-1"]
[WhiteElo "2600"]
[BlackElo "2750"]
[Annotator "TA"]
[PlyCount "52"]
[EventDate "2022.??.??"]
[TimeControl "60"]

1. d4 d5 2. c4 e6 3. Nc3 c6 4. Nf3 Nf6 5. e3 Nbd7 6. Qc2 Bd6 7. b3 O-O 8. Be2 b6 9. O-O Bb7 10. Bb2 Qe7 11.
Rad1 Rad8 12. Rfe1 Rfe8 13. Bf1 {[%emt 0:00:05] D45: Semi-Slav: 5 e3.} e5 14. dxe5 Nxe5 15. Nd4 {[%emt 0:00:14]
The position is equal.} dxc4 16. Nf5 Qe6 {[%emt 0:00:19][%cal Ye5d3] ...Nd3! is the strong threat.} 17. Nxd6 Rxd6 18. Rxd6 Qxd6 19. Rd1 cxb3 $40 {[%emt 0:05:20] White needs to
defend precisely.} 20. axb3 Qe7 21. Ne4 {
[%emt 0:03:21] White has compensation.} Nd5 22. Ng3 {[%emt 0:
08:26] [#] And now e4 would win.} Bc8 {[%emt 0:07:36] [#]} 23. e4 $146 ({Predecessor:} 23. Bxe5 Qxe5 24. Qxc6 Nf6 25. Bc4 Be6 26. Bxe6
Qxe6 27. Qxe6 fxe6 28. Rc1 Rd8 29. Kf1 {0-1 (63) Lazavik,D (2347)
-Hovhannisyan,R (2650) Riga 2019}) 23... Nf4 24. Qc3 {[%emt 0:
00:00] Black must now prevent Qxe5.} Qg5 25. Bc1 h5 26. Ne2 $2 {[%emt 0:17:15] [#]} (26. f3 $11) 26...
Qxg2+ $3 {[%emt 0:01:04] Weighted Error Value: White=0.63/ Black=0.03 
(flawless)} 0-1